 Dungeon Crawl Stone Soup version bcrawl-1.40.2 (webtiles) character file.

Game seed: 5899272678662968895

145670 polpettosauro the Grave Robber (level 5, -1/41 HPs)
             Began as a Hill Orc Necromancer on Nov 14, 2023.
             Killed by divine providence
             ... invoked by an orc priest
              (11 damage)
             ... on level 3 of the Dungeon.
             The game lasted 00:06:06 (2175 turns).

polpettosauro the Grave Robber (HONe)               Turns: 2175, Time: 00:06:07

Health: -1/41      AC:  2    Str: 12    XL:     5   Next: 16%
Magic:  1/9        EV: 12    Int: 15    God:
Gold:   103        SH:  0    Dex: 11    Spells: 2/10 levels left

rFire    . . .     GDR:     23% a - +0 dagger (pain)
rCold    . . .     SeeInvis .   (no shield)
rNeg     . . .     Gourm    .   b - +0 robe
rPois    .         Faith    .   (no helmet)
rElec    .         Spirit   .   (no cloak)
rCorr    .         Reflect  .   (no gloves)
MR       .....                  (no boots)
Stlth    ++........             l - amulet of rage
HPRegen  0.16/turn              (no ring)
MPRegen  0.11/turn              (no ring)

@: no status effects
A: no striking features
a: Convert to Beogh, Evoke Berserk Rage


You were on level 3 of the Dungeon.
You were not hungry.

You visited 1 branch of the dungeon, and saw 3 of its levels.

You collected 103 gold pieces.

Inventory:

Hand Weapons
 a - a +0 dagger of pain (weapon)
Armour
 b - a +0 robe (worn)
Jewellery
 l - an amulet of rage (around neck)
Scrolls
 c - 4 scrolls of teleportation
 h - a scroll of amnesia {unknown}
 i - a scroll of noise {unknown}
 k - 2 scrolls of revelation {unknown}
 m - a scroll of blinking {unknown}
Potions
 d - a potion of flight
 f - a potion of ambrosia
 g - a potion of brilliance
 j - a potion of haste {unknown}
 n - a potion of cancellation {unknown}
Comestibles
 e - 3 rations {!d}


   Skills:
 - Level 2.0 Fighting
   Level 2.0 Short Blades
   Level 2.0 Long Blades
   Level 2.0 Axes
   Level 2.0 Maces & Flails
   Level 2.0 Polearms
   Level 2.0 Staves
 - Level 1.5 Dodging
 - Level 1.7 Stealth
   Level 2.0 Unarmed Combat
 - Level 3.0 Spellcasting
 + Level 5.0 Necromancy


You had 2 spell levels left.
You knew the following spells:

 Your Spells              Type           Power        Failure   Level  Hunger
a - Necrotize             Necr           ###...       2%          1    None
b - Vampiric Draining     Necr           ###.......   8%          3    ####...
c - Animate Dead          Necr           N/A          24%         4    #####..

Your spell library contained the following spells:

 Spells                   Type           Power        Failure   Level  Hunger
 Agony                    Necr           ###.....     24%         4    #####..
 Dispel Undead            Necr           ###.....     56%         5    ######.


Dungeon Overview and Level Annotations

Branches:
Dungeon (3/12)

Altars:
Trog
Xom


Message History

Aiming: Necrotize (safe; 2% risk of failure)
Press: ? - help, Shift-Dir - straight line, f/p - adder
Aim: an adder (severely wounded, chance to defeat MR: 81%)
The adder writhes in agony.
You kill the adder!
The adder turns into a zombie!
The hound barely misses you.
The orc priest misses your adder zombie.
Your Necromancy skill increases to level 5!
You swap places.
The hound closely misses your adder zombie.
An orc comes into view. It is wielding a +0 club.
The orc priest closely misses your adder zombie.
Your adder zombie bites the orc priest but does no damage.
The hound bites your adder zombie.
Your bat zombie barely misses the hound. x2
The hound bites your adder zombie.
Your bat zombie closely misses the hound.
The orc priest mumbles some strange prayers to Beogh against you.
Beogh smites you!
You die...

##### ##### #...# .....#
####.#)#
......##....#.#####.
........................
.......Z...........#...#
......hZZ..........#...#
.....oZZ.@..............
##...oZZ....#.####.#...#
#...o##...#..# #.#.#.#
...o########.#####.#.#.###
.................Z...#....
... ####...........#......
.. #...........#.Z....
#...........##.....
#..........###.....


You could see a hound, 2 orc priests, 2 orcs, a friendly leopard gecko zombie, a
friendly bat zombie, a friendly ball python zombie, 2 friendly adder zombies, a
friendly rat zombie and a friendly orc zombie.

Vanquished Creatures
  4 adders
  2 oozes
  2 worms (D:2)
  4 dart slugs
  7 leopard geckos
  3 orcs
  A ball python (D:3)
  A giant cockroach (D:1)
  4 goblins (D:1)
  6 hobgoblins
  8 jackals (D:2)
  6 bats
  3 frilled lizards
  5 kobolds
  5 rats
61 creatures vanquished.

Vanquished Creatures (collateral kills)
  A bat (D:1)
  A kobold (D:2)
  A frilled lizard (D:1)
  A goblin (D:1)
4 creatures vanquished.

Grand Total: 65 creatures vanquished

Notes
Turn   | Place    | Note
-------+----------+-------------------------------------------
     0 | D:1      | polpettosauro the Hill Orc Necromancer began the quest for
                  | the Orb.
     0 | D:1      | Reached XP level 1. HP: 14/14 MP: 3/3
    62 | D:1      | Found a shimmering altar of Xom.
    75 | D:1      | Reached skill level 1 in Fighting
    90 | D:1      | Reached XP level 2. HP: 15/23 MP: 0/5
   419 | D:1      | Reached XP level 3. HP: 28/29 MP: 4/6
  1001 | D:1      | Learned a level 3 spell: Vampiric Draining
  1369 | D:2      | Reached XP level 4. HP: 32/36 MP: 8/8
  1891 | D:2      | Found a bloodstained altar of Trog.
  2120 | D:3      | Reached XP level 5. HP: 38/41 MP: 2/9
  2127 | D:3      | Learned a level 4 spell: Animate Dead
  2174 | D:3      | Reached skill level 5 in Necromancy
  2175 | D:3      | Killed from afar by an orc priest

Skill      XL: |  1  2  3  4  5 |
---------------+----------------+-----
Fighting       | 1 2 |  2.0
Spellcasting   | 3 |  3.0
Necromancy     | 5 |  5.0
Short Blades   | |  2.0
Long Blades    | |  2.0
Axes           | |  2.0
Maces & Flails | |  2.0
Polearms       | |  2.0
Staves         | |  2.0
Dodging        | |  1.5
Stealth        | |  1.7
Unarmed Combat | |  2.0

Action                   |  1- 3 |  4- 6 || total
-------------------------+-------+-------++-------
Melee: Dagger            |    49 |    43 ||    92
       Punch             |     1 |     2 ||     3
 Cast: Necrotize         |    30 |    33 ||    63
  Use: Scroll            |     4 |       ||     4
 Stab: Sleeping          |     5 |     1 ||     6
  Eat: Chunk             |     3 |     4 ||     7
Armor: Robe              |    11 |     9 ||    20
Dodge: Dodged            |    39 |    33 ||    72
